woodfighter, neutral female human Healer ---.-- |.dd)| |<.@.+ ------ woodfighter the Rhizotomist Experience level: 1 Strength: 10 Dexterity: 11 Constitution: 15 Intelligence: 8 Wisdom: 15 Charisma: 16 Health: 0(13) Energy: 4(4) Def: 6 Gold: 1655 Moves: 803 Dungeon seed: e4nF1NSK5lQqcj5X Game ID: woodfighter_1506106406 Your Inventory: Coins $ - 1655 gold pieces Weapons a - a blessed +0 scalpel (weapon in hand) Armor e - an uncursed +1 pair of leather gloves (being worn) n - a cursed -3 pair of gauntlets of fumbling y - an uncursed +0 elven leather helm (being worn) z - a cursed -1 pair of fumble boots N - an uncursed +0 studded leather armor (being worn) Comestibles l - 6 blessed eucalyptus leaves m - 4 blessed sprigs of wolfsbane o - 3 blessed cloves of garlic p - 6 uncursed apples r - 2 uncursed food rations v - 2 uncursed lichen corpses Scrolls q - an uncursed scroll of identify s - an uncursed scroll of blank paper t - an uncursed scroll of scare monster Spellbooks i - a blessed spellbook of healing j - a blessed spellbook of extra healing k - a blessed spellbook of stone to flesh Potions c - 3 uncursed potions of healing d - a blessed potion of healing f - 2 blessed potions of extra healing g - 2 uncursed potions of extra healing u - an uncursed potion of fruit juice w - an uncursed potion of sleeping Wands h - a wand of sleep (0:5) Tools b - an uncursed stethoscope Spells and supernatural/magical abilities: Name Level Category Fail Memory h - healing 1 healing 15% 96% x - extra healing 3 healing 100% 96% S - stone to flesh 3 healing 100% 96% W - pray for help -- divine ? -- Your skills at the end: Miscellaneous Skills wands [Basic] Weapon Skills knife [Basic] Spellcasting Skills healing spells [Basic] Final Attributes: You were devoutly aligned. You were poison resistant. You are dead. Vanquished creatures: 2 newts 2 goblins 2 sewer rats 2 grid bugs 2 lichens 10 creatures vanquished. Voluntary challenges: You did not adorn yourself with jewelry or accessories. You did not cause conflict. You were not invisible. You did not have reflection. You were not displaced. You were an atheist. You used a wielded weapon 11 times, starting on turn 76. You did not use containers. You did not apply a unicorn horn. You did not use plumbed fixtures. You did not drink any magical draughts. You were illiterate. You never genocided any monsters. You never polymorphed an object. You never changed form. You used no wishes. You never split a pudding. You never wrote Elbereth's name. You never violated your personal moral code. Dungeon overview: The Dungeons of Doom: levels 1 to 3 Level 1 a fountain a long staircase Level 2 (vault) an armor shop, a fountain stairs to The Gnomish Mines Level 3 <- You were here The Gnomish Mines: Level 3 stairs to The Dungeons of Doom History has recorded: On T:1 you entered the Dungeons of Doom to retrieve the Amulet of Yendor! On T:47 you reached level 2 of The Dungeons of Doom. On T:633 you reached level 1 of The Gnomish Mines. On T:800 you reached level 3 of The Dungeons of Doom. Score breakdown: Gold: 120 ( 12 points) Experience: 1 level ( 0 points) Exploration: 3 levels ( 60 points) Discoveries: 8 items ( 400 points) Variety of kills: 5 monsters ( 250 points) Major goal: (nothing yet) ( 0 points) Survival: died (score multiplied by 3) Total score: 2166 Latest messages: You hear nothing special. You hear a hollow sound. This must be a secret passage! You hear nothing special. You displace kitty. You hear nothing special. You hear nothing special. You displace kitty. The door opens. You see here a large box. Hmmm, it seems to be locked. You have a little trouble lifting $ - 43 gold pieces. You fall down the stairs. You have a little trouble lifting w - an effervescent potion. The coyote misses. The coyote bites! (4x) You die... Final status: Goodbye woodfighter the Healer, killed by a coyote... You died in The Dungeons of Doom on dungeon level 3 with 2166 points, and 1655 pieces of gold, after 803 moves. You were level 1 with a maximum of 13 hit points when you died.